 Dungeon Crawl Stone Soup version 0.30-a0-1114-gd936c97349 (webtiles) character file.

Game seed: 13286136941438188016

107 sampeng1 the Chopper (level 5, -13/42 HPs)
             Began as a Human Chaos Knight on Apr 20, 2023.
             Was a Plaything of Xom.
             Mangled by a culicivora (shapeshifter) (19 damage)
             ... on level 2 of the Dungeon.
             The game lasted 00:06:36 (851 turns).

sampeng1 the Chopper (Human Chaos Knight)            Turns: 851, Time: 00:06:37

Health: -13/42     AC:  5    Str: 14    XL:     5   Next: 10%
Magic:  5/5        EV: 11    Int: 18    God:    Xom [*.....]
Gold:   33         SH:  0    Dex: 13    Spells: 4/4 levels left

rFire   . . .      SeeInvis .    a - +0 hand axe (chaos)
rCold   . . .      Faith    .    (no shield)
rNeg    . . .      Spirit   .    b - +2 leather armour
rPois   .          Reflect  .    (no helmet)
rElec   .          Rampage  .    (no cloak)
rCorr   .                        (no gloves)
Will    +....                    (no boots)
Stlth   +                        (no amulet)
HPRegen 0.27/turn                j - +6 ring of intelligence
MPRegen 0.09/turn                (no ring)

@: cleaving
A: strong-willed 1
a: Renounce Religion


You were on level 2 of the Dungeon.
You worshipped Xom.
You were a special plaything of Xom.
You visited 1 branch of the dungeon, and saw 2 of its levels.

You collected 33 gold pieces.

Inventory:

Hand Weapons
 a - a +0 hand axe of chaos (weapon)
 l - a +0 sling
Armour
 b - a +2 leather armour (worn)
Jewellery
 j - a +6 ring of intelligence (left hand)
Scrolls
 d - a scroll of blinking (quivered) {unknown}
 e - a scroll of teleportation {unknown}
 f - 2 scrolls of identify {unknown}
 m - a scroll of magic mapping {unknown}
Potions
 g - a potion of flight
Miscellaneous
 c - a piece from Xom's chessboard (15/15)


   Skills:
 + Level 3.7 Fighting
 + Level 4.3 Axes
 + Level 2.4 Armour
 + Level 1.4 Dodging
 + Level 0.5 Stealth


You had 4 spell levels left.
You didn't know any spells.
Your spell library contained the following spells:

 Spells                   Type           Power      Damage    Failure   Level
 Ignite Poison            Fire/Tmut/Pois 0%         N/A       63%         3
 Portal Projectile        Hex/Tloc       0%         N/A       63%         3
 Tukima's Dance           Hex            0%         N/A       63%         3
 Sticky Flame             Conj/Fire      0%         2d3       95%         4
 Blade Hands              Tmut           0%         N/A       100%        5
 Ignition                 Fire           0%         3d3       100%        8


Dungeon Overview and Level Annotations

Branches:
Dungeon (2/15)

Altars:


Innate Abilities, Weirdness & Mutations

You are strong-willed. (Will+)


Message History

A hound comes into view.
The hound moves out of view.
A kobold comes into view. It is wielding a +0 dagger.
The kobold shouts!
You barely miss the kobold. The kobold closely misses you.
You miss the kobold.
You are now a special plaything of Xom.
The kobold closely misses you.
You hit the kobold.
You kill the kobold!
You barely miss the kobold. The kobold closely misses you. The hound bites you.
You hit the kobold. You freeze the kobold.
You kill the kobold!
You closely miss the hound. The hound bites you but does no damage.
The hound barely misses you. The hound bites you but does no damage.
Things that are here:
a +0 dagger; a +0 short sword You barely miss the hound. "First here, now there."
You swap places with the hound.
The hound barely misses you. The hound attacks as you move away!
The hound bites you. The hound completely misses you.
You barely miss the hound. The hound bites you.
You hit the hound.
The hound is poisoned.
The hound is moderately wounded.
You hear Xom's avuncular chuckle.
The hound changes into a shapeshifter!
The shapeshifter changes into a culicivora!
You barely miss the culicivora. The culicivora bites you!
The culicivora draws strength from your injuries!
You closely miss the culicivora. The culicivora bites you.
The culicivora draws strength from your injuries!
The culicivora bites you!
* * * LOW HITPOINT WARNING * * *
The culicivora draws strength from your injuries!
You hit the culicivora.
The culicivora is lightly wounded.
The culicivora bites you!!
You die...
Xom snickers!

..#####..##.###
..............#
#.#####....##... #..#.##
#.##..# # #.###.## .
.##.####.# #.†## ##.
.......#.####.†######...
###.##.@................
..:....s.#####.......###
.......)..## #....#.....
........#..###.##.[..###
........##..#..###.#..#
........#.....####.##.#
..........##..#....# .#
######...# ##...#### ..
...## ##..# ...


You could see a culicivora shaped shifter.

Vanquished Creatures
  A scorpion (D:2)
  2 worms (D:2)
  2 dart slugs (D:1)
  2 ball pythons
  A bat (D:2)
  An endoplasm (D:1)
  3 giant cockroaches
  3 goblins (D:1)
  2 hobgoblins
  6 jackals (D:2)
  3 kobolds
  2 quokkas (D:1)
  4 rats
32 creatures vanquished.

Notes
Turn   | Place    | Note
-------+----------+-------------------------------------------
     0 | D:1      | sampeng1 the Human Chaos Knight began the quest for the
                  | Orb.
     0 | D:1      | Reached XP level 1. HP: 18/18 MP: 1/1
    67 | D:1      | Reached XP level 2. HP: 23/24 MP: 2/2
   218 | D:1      | XOM: silly message
   267 | D:1      | XOM: silly message
   410 | D:1      | XOM: silly message
   479 | D:1      | Reached XP level 3. HP: 29/29 MP: 3/3
   623 | D:2      | Noticed a scorpion
   631 | D:2      | Killed a scorpion
   632 | D:2      | Reached skill level 4 in Axes
   632 | D:2      | Reached XP level 4. HP: 7/37 MP: 4/4
   633 | D:2      | Gained mutation: You are strong-willed. (Will+) [potion of
                  | mutation]
   633 | D:2      | HP: 1/37 [poisoned by a scorpion]
   787 | D:2      | XOM: cleaving
   797 | D:2      | Reached XP level 5. HP: 38/42 MP: 5/5
   845 | D:2      | XOM: swap monsters
   848 | D:2      | a hound changed into a shapeshifter
   848 | D:2      | Noticed a shapeshifter (shapeshifter)
   848 | D:2      | XOM: polymorph hound -> shapeshifter
   848 | D:2      | a shapeshifter changed into a culicivora
   848 | D:2      | Noticed a culicivora (shapeshifter)
   851 | D:2      | Mangled by a culicivora (shapeshifter)

Illustrated notes

Levels and vault maps discovered:
D:1:      wander_arrival_lonely_grave, layout_rooms, minmay_statues_item
D:2:      layout_rooms

Skill      XL: |  1  2  3 |
---------------+----------+-----
Axes           | 4 |  4.3
Fighting       | |  3.7
Armour         | |  2.4
Dodging        | |  1.4
Stealth        | |  0.5

Action                     |  1- 3 |  4- 6 || total
---------------------------+-------+-------++-------
  Melee: Hand axe          |    68 |    39 ||   107
         Punch             |     1 |       ||     1
    Use: Potion            |       |     4 ||     4
 Armour: Leather armour    |    34 |    15 ||    49
  Dodge: Dodged            |    33 |    29 ||    62

Table legend: (Time is in decaauts)
 A = Elapsed time spent in this place.
 B = Non-inter-level travel time spent in this place.
 C = Inter-level travel time spent in this place.
 D = Time resting spent in this place.
 E = Time spent auto-exploring this place.
 F = Levels seen in this place.
 G = Mean time per level.
                   A        B        C        D        E       F      G
               +--------+--------+--------+--------+--------+-----+--------+
         Total |    845 |    845 |      0 |      0 |    444 |   2 |  422.5 |
       Dungeon |    845 |    845 |      0 |      0 |    444 |   2 |  422.5 |
               +--------+--------+--------+--------+--------+-----+--------+

Top non-repeatable levels by time:
     D:1: 528 daAuts
     D:2: 316 daAuts
